 Dungeon Crawl Stone Soup version 0.20-a0-313-g10ed074 (webtiles) character file.

205 Junicave the Skirmisher (level 5, -5/48 HPs)
             Began as a Hill Orc Fighter on Dec 20, 2016.
             Slain by a two-headed ogre
             ... wielding a +0 giant club
              (9 damage)
             ... on level 9 of the Dungeon.
             The game lasted 00:05:36 (1912 turns).

Junicave the Skirmisher (Hill Orc Fighter)          Turns: 1912, Time: 00:05:37

Health: -5/48      AC: 17    Str: 20    XL:     5   Next: 83%
Magic:  5/5        EV:  4    Int:  8    God:
Gold:   143        SH:  9    Dex: 10    Spells: 4/4 levels left

rFire  . . .     SeeInvis .     a - +0 war axe
rCold  . . .     Gourm    .     q - +0 plate armour
rNeg   . . .     Faith    .     c - +0 shield
rPois  .         Spirit   .     (no helmet)
rElec  .         Reflect  .     b - +0 cloak
rCorr  .         Harm     .     y - +1 pair of gloves
MR     .....     Rnd*Tele +     D - +1 pair of boots
Stlth  ..........               u - amulet of magic regeneration
                                (no ring)
                                C - ring of teleportation (curse)

@: no status effects
A: no striking features
a: no special abilities


You were on level 9 of the Dungeon.
You were hungry.

You visited 1 branch of the dungeon, and saw 5 of its levels.

You collected 143 gold pieces.

Inventory:

Hand Weapons
 a - a +0 war axe (weapon)
Armour
 b - a +0 cloak (worn)
 c - a +0 shield (worn)
 q - a +0 plate armour (worn)
 y - a +1 pair of gloves (worn)
 D - a +1 pair of boots (worn)
Jewellery
 u - an amulet of magic regeneration (around neck)
 C - a cursed ring of teleportation (left hand)
Scrolls
 e - 2 scrolls of noise {unknown}
 g - 2 scrolls of blinking {unknown}
 h - 4 scrolls of identify {unknown}
 j - 2 scrolls of remove curse {unknown}
 k - a scroll of immolation {unknown}
 m - a scroll of enchant weapon {unknown}
 o - 6 scrolls of teleportation {unknown}
 p - a scroll of recharging {unknown}
 s - a scroll of magic mapping {unknown}
 v - 2 scrolls of amnesia {unknown}
 w - a scroll of fear {unknown}
Potions
 d - a potion of might
 i - 3 potions of lignification {unknown}
 l - a potion of agility {unknown}
 n - a potion of curing {unknown}
 r - 2 potions of heal wounds {unknown}
 t - 2 potions of magic {unknown}
 x - 2 potions of brilliance {unknown}
Books
 A - a book of Necromancy

   Spells                             Type                      Level
   a - Pain                           Necromancy                   1
   b - Animate Skeleton               Necromancy                   1
   c - Vampiric Draining              Necromancy                   3
   d - Regeneration                   Charms/Necromancy            3
   e - Animate Dead                   Necromancy                   4
   f - Control Undead                 Necromancy                   4
Comestibles
 f - 2 bread rations
 z - 13 chunks of flesh
 B - 2 slices of pizza


   Skills:
 * Level 5.3 Fighting
 * Level 5.2 Axes
 + Level 3.5 Armour
 + Level 1.2 Dodging
 + Level 3.8 Shields


You had 4 spell levels left.
You didn't know any spells.

Dungeon Overview and Level Annotations

Branches:
Dungeon (6/15)
 Temple: D:4-7

Altars:
Uskayaw


Message History

You hit the two-headed ogre.
The two-headed ogre is lightly wounded.
The two-headed ogre hits you but does no damage.
The two-headed ogre hits you with a giant spiked club.
You barely miss the two-headed ogre.
The two-headed ogre is lightly wounded.
The two-headed ogre barely misses you. You block the two-headed ogre's attack.
You hit the two-headed ogre but do no damage.
The two-headed ogre is lightly wounded.
The two-headed ogre completely misses you.
The two-headed ogre hits you with a giant spiked club!
* * * LOW HITPOINT WARNING * * *
You hit the two-headed ogre but do no damage.
The two-headed ogre is lightly wounded.
The two-headed ogre hits you with a giant club.
* * * LOW HITPOINT WARNING * * *
The two-headed ogre hits you with a giant spiked club.
* * * LOW HITPOINT WARNING * * *
The two-headed ogre hits you with a giant club!
You die...

####### #.....#
#.....###### ###
#..........###.....
##..######O@.......
#.## #####.....
.... ... ###.## #
#.# #.# ..# ### .##
#


You could see a two-headed ogre.

Vanquished Creatures
  A gnoll shaman (D:9)
  A hound skeleton (D:9)
  8 gnolls
  2 adders
  An ooze (D:3)
  An adder skeleton (D:6)
  2 worms
  A dart slug (D:2)
  A leopard gecko (D:1)
  2 ball pythons
  3 bats (D:2)
  A giant cockroach (D:1)
  4 goblins
  7 hobgoblins
  4 jackals (D:6)
  9 kobolds
  2 quokkas (D:2)
  4 frilled lizards
  4 rats
58 creatures vanquished.

Notes
Turn   | Place    | Note
-------+----------+-------------------------------------------
     0 | D:1      | Junicave the Hill Orc Fighter began the quest for the Orb.
     0 | D:1      | Reached XP level 1. HP: 19/19 MP: 1/1
   105 | D:1      | Reached XP level 2. HP: 26/27 MP: 2/2
   294 | D:1      | Reached XP level 3. HP: 24/34 MP: 3/3
   863 | D:2      | Reached XP level 4. HP: 41/41 MP: 4/4
  1490 | D:3      | You fall through a shaft for 3 floors!
  1504 | D:6      | Found a hide-covered altar of Uskayaw.
  1505 | D:6      | Noticed a hand axe
  1505 | D:6      | Noticed a dagger
  1546 | D:6      | Reached skill level 5 in Fighting
  1713 | D:6      | You fall through a shaft for 3 floors!
  1723 | D:9      | Reached XP level 5. HP: 39/48 MP: 5/5
  1732 | D:9      | Reached skill level 5 in Axes
  1732 | D:9      | Reached skill level 1 in Dodging
  1898 | D:9      | Noticed a two-headed ogre
  1903 | D:9      | HP: 2/48 [two-headed ogre/giant club (5)]
  1912 | D:9      | Slain by a two-headed ogre

Vault maps used:
D:1:      dpeg_arrival_rhombus, wad_floor_pattern_1
D:2:      first_bread
D:6:      dancing_weapons_uskayaw, minmay_splitting_lines
D:9:      grunt_ogre_cave, nicolae_qazlal_style_of_elements

Skill      XL: |  1  2  3  4  5 |
---------------+----------------+-----
Axes           | 3 4 5 |  5.2
Fighting       | 4 5 |  5.3
Dodging        | 1 |  1.2
Armour         | |  3.5
Shields        | |  3.8

Action                   |  1- 3 |  4- 6 || total
-------------------------+-------+-------++-------
Melee: War axe           |    64 |   110 ||   174
  Eat: Chunk             |       |     3 ||     3
Armor: Scale mail        |    31 |       ||    31
       Plate armour      |     9 |    86 ||    95
Dodge: Dodged            |    16 |    12 ||    28
Block: Shield            |    40 |    64 ||   104
